 Dungeon Sprint DCSS version 0.26-a0-1058-g8dc6ce00ff (webtiles) character file.

Game seed: 12957173364248382269

20244 Adamkad1 the Swashbuckler (level 12, -4/103 HPs)
             Began as a Gnoll Gladiator on Dec 13, 2020.
             Was the Champion of Wu Jian.
             Slain by a Hell Sentinel (14 damage)
             ... in the Dungeon (Sprint V: "Ziggurat Sprint").
             The game lasted 00:11:07 (1094 turns).

Adamkad1 the Swashbuckler (Gnoll Gladiator)         Turns: 1094, Time: 00:11:08

Health: -4/103     AC: 17    Str: 17    XL:     12   Next: 77%
Magic:  28/28      EV: 19    Int: 10    God:    Wu Jian [******]
Gold:   0          SH: 37    Dex: 32    Spells: 29/35 levels left

rFire    x . .     SeeInvis .   u - +7 Screaming Sword {vorpal, sonic wave}
rCold    + + .     Faith    .   d - +18 shield of the Gong {rElec rN+ Will+ EV-5}
rNeg     + . .     Spirit   .   P - +3 ring mail {rC+}
rPois    +         Reflect  +   c - +0 helmet
rElec    +         Harm     .   (no cloak)
rCorr    .         Rampage  .   J - +2 pair of gloves {Dex+3}
Will     ++...     NoTele   +   F - +0 pair of boots of Pessimism {rElec rPois} (curse)
Stlth    ++........             R - amulet of reflection
HPRegen  0.27/turn              O - ring "Ynaebot" {Wiz rPois Will+ Dex+4 Slay+2}
MPRegen  0.21/turn              L - ring "Nooduo" {Ice rElec Dex+3 Stlth-}

@: exhausted, heavenly storm, glowing, studying 2 skills, drained
A: distributed training, fangs 1, strong nose
a: Wall Jump, Serpent's Lash, Heavenly Storm, Renounce Religion


You were in the Dungeon.
You worshipped Wu Jian.
Wu Jian was exalted by your worship.
You visited 1 branch

Inventory:

Hand Weapons
 u - the +7 Screaming Sword (weapon) {vorpal, sonic wave}
   (You found it in the Dungeon)

   It inflicts extra damage upon your enemies.
Armour
 b - a +0 leather armour
 c - a +0 helmet (worn)
 d - the +18 shield of the Gong (worn) {rElec rN+ Will+ EV-5}
   (You found it in the Dungeon)

   It affects your evasion (-5).
   It insulates you from electricity.
   It protects you from negative energy.
   It affects your willpower, your defense against some magical effects.
 F - the cursed +0 pair of boots of Pessimism (worn) {rElec rPois}
   (You found it in the Dungeon)

   It insulates you from electricity.
   It protects you from poison.
   It has a curse placed upon it.
 I - a +3 chain mail of cold resistance
 J - a +2 pair of gloves of dexterity (worn)
 P - a +3 ring mail of cold resistance (worn)
 S - the cursed +1 ring mail of Insatiable Hunger {rF+ Will++ Regen+ Dex-5}
   (You found it in the Dungeon)

   It affects your dexterity (-5).
   It protects you from fire.
   It affects your willpower, your defense against some magical effects.
   It increases your rate of regeneration.
   It has a curse placed upon it.
Jewellery
 n - an uncursed ring of flight
 o - a +6 ring of dexterity
 p - a +6 ring of dexterity
 q - a +6 ring of intelligence
 r - a +6 ring of intelligence
 s - a +6 ring of strength
 t - a +6 ring of strength
 G - the ring "Hepten" {Wiz rPois rN+ Dex+2 Stlth+}
   (You found it in the Dungeon)

   [ring of wizardry]

   It improves your spell success rate.
   It affects your dexterity (+2).
   It protects you from poison.
   It protects you from negative energy.
   It makes you more stealthy.
 K - an uncursed ring of poison resistance
 L - the ring "Nooduo" (right hand) {Ice rElec Dex+3 Stlth-}
   (You found it in the Dungeon)

   [ring of ice]

   It enhances your ice magic.
   It affects your dexterity (+3).
   It makes you vulnerable to fire.
   It protects you from cold.
   It insulates you from electricity.
   It makes you less stealthy.
 O - the ring "Ynaebot" (left hand) {Wiz rPois Will+ Dex+4 Slay+2}
   (You found it in the Dungeon)

   [ring of wizardry]

   It improves your spell success rate.
   It affects your dexterity (+4).
   It affects your accuracy and damage with ranged weapons and melee attacks
   (+2).
   It protects you from poison.
   It affects your willpower, your defense against some magical effects.
 R - an amulet of reflection (around neck)
Wands
 k - a wand of disintegration (7)
 l - a wand of iceblast (7)
 m - a wand of acid (7)
Scrolls
 a - 4 scrolls of amnesia
 j - 4 scrolls of blinking
 v - 7 scrolls of fog
 w - a scroll of holy word
 x - 5 scrolls of identify
 y - 5 scrolls of remove curse
 z - 2 scrolls of fear
 D - a scroll of brand weapon
 M - 4 scrolls of enchant armour
Potions
 e - 10 potions of curing
 f - 8 potions of heal wounds
 g - 6 potions of haste
 h - 7 potions of magic
 i - 3 potions of berserk rage
 A - 2 potions of brilliance
 B - 2 potions of invisibility
 C - 4 potions of resistance
 E - 5 potions of might
Books
 H - a manual of Short Blades
 Q - a manual of Polearms
Miscellaneous
 N - a condenser vane


   Skills:
 + Level 12.7(12.0) Fighting
 + Level 15.5(14.6) Short Blades
 + Level 13.4(12.6) Long Blades
 + Level 12.0(11.3) Axes
 + Level 12.0(11.3) Maces & Flails
 + Level 13.5(12.7) Polearms
 + Level 12.0(11.3) Staves
 + Level 12.0(11.3) Slings
 + Level 12.0(11.3) Bows
 + Level 12.0(11.3) Crossbows
 + Level 12.7(12.0) Throwing
 + Level 12.0(11.3) Armour
 + Level 13.4(12.6) Dodging
 + Level 12.0(11.3) Stealth
 + Level 12.0(11.3) Shields
 + Level 12.0(11.3) Unarmed Combat
 + Level 12.0(11.3) Spellcasting
 + Level 10.3(9.6) Conjurations
 + Level 10.3(9.6) Hexes
 + Level 10.3(9.6) Summonings
 + Level 10.3(9.6) Necromancy
 + Level 10.3(9.6) Translocations
 + Level 10.3(9.6) Transmutations
 + Level 10.3(9.6) Fire Magic
 + Level 10.3(9.6) Ice Magic
 + Level 10.3(9.6) Air Magic
 + Level 10.3(9.6) Earth Magic
 + Level 10.3(9.6) Poison Magic
 + Level 13.0(12.2) Invocations
 + Level 12.0(11.3) Evocations


You had 29 spell levels left.
You knew the following spells:

 Your Spells              Type           Power        Failure   Level
a - Wereblood             Tmut           ###.....     1%          2
b - Beastly Appendage     Tmut           ###...       1%          1
c - Spider Form           Tmut/Pois      ###.......   1%          3

Your spell library contained the following spells:

 Spells                   Type           Power        Failure   Level
 Ice Form                 Ice/Tmut       #####...     2%          4
 Blade Hands              Tmut           ###.......   6%          5
 Metabolic Englaciation   Hex/Ice        #####.....   6%          5
 Freezing Cloud           Conj/Ice/Air   #####.....   32%         6
 Ozocubu's Refrigeration  Ice            #####.....   32%         6
 Simulacrum               Ice/Necr       #####.....   32%         6


Dungeon Overview and Level Annotations

Branches:
Dungeon (1/1)

Altars:
Ashenzari
Cheibriados
Dithmenos
Elyvilon
Fedhas
Gozag
Hepliaklqana
Kikubaaqudgha
Makhleb
Nemelex Xobeh
Okawaru
Qazlal
Ru
Sif Muna
Trog
Uskayaw
Vehumet
Wu Jian
Xom
Yredelemnul
Zin
The Shining One
Beogh
Jiyva
Lugonu


Innate Abilities, Weirdness & Mutations

Your experience applies equally to all skills.
You have very sharp teeth.
Your uncanny sense of smell can sniff out nearby items.


Message History

You are too exhausted to lash out.
You slice the Hell Sentinel!!
The Screaming Sword booms, "BLOOD!
BLOOD!
BLOOD MUST SPURT AND BLOOD MUST FLOW!"
You send a blast of sound all around you.
The Hell Sentinel, the sixfirhy and Ewuqoera are blasted.
The Hell Sentinel is severely wounded.
The sixfirhy is severely wounded.
Ewuqoera is heavily wounded.
The Hell Sentinel is severely wounded.
You block the sixfirhy's attack.
GONNNNG!
You block the sixfirhy's attack.
GONNNNG!
Ewuqoera hits you!!
* * * LOW HITPOINT WARNING * * *
You partially resist.
You feel drained.
* * * LOW HITPOINT WARNING * * *
You block the Hell Sentinel's attack.
GONNNNG!
The Hell Sentinel hits you!
You die...

▓....©(.
▓▓▓▓▓▓▓▓▓▓▓▓▓▓▓▓▓▓▓▓
▓...8©8...▓..☼8☼8§§.
▓.."):|[".▓..§☼☼§☼§.
▓..:[)|[..▓..☼§☼§§○§
▓.........▓..§§☼☼☼§☼
▓§§§§§....▓..§§§☼§☼§
▓§3§☼§....▓..☼§☼☼☼§§
▓☼1@§§☼○. ▓..☼§§☼§☼§
▓§&▓§§°▓ ▓..○☼§§§§☼
▓§▓§§§..▓ ▓.▓☼☼§§§▓.
▓§3§§☼§...▓.∆§☼§§§..
▓▓▓▓▓▓▓▓▓▓▓▓▓▓▓▓▓▓▓▓
∆∆∆∆∆∆∆∆ ∆∆∆∆∆∆∆
∆∆∆∆∆ ∆ ∆∆∆∆∆∆∆∆ ∆∆
∆∆∆∆∆∆∆∆∆∆∆∆
∆∆∆∆∆∆∆∆


You could see Ewuqoera, a Hell Sentinel and a sixfirhy.

Vanquished Creatures
  2 deep elf master archers (D)
  A balrug (D)
  A stone giant (D)
  A white draconian (D)
  A red draconian (D)
  2 merfolk javelineers (D)
  2 centaur warriors (D)
  A sun demon (D)
  2 sixfirhies (D)
  4 draconians (D)
  3 cyclopes (D)
  A black mamba (D)
  2 rust devils (D)
  A naga mage (D)
  4 yaktaurs (D)
  4 merfolk (D)
  3 wind drakes (D)
  A slime creature (D)
  A redback (D)
  A tarantella (D)
  2 chaos spawn (D)
  2 nagas (D)
  A floating eye (D)
  2 necrophages (D)
  6 centaurs (D)
  4 scorpions (D)
  A jelly (D)
  An iron imp (D)
  4 orc wizards (D)
  An adder (D)
  An ooze (D)
  An adder zombie (D)
  2 adder skeletons (D)
  An orc (D)
  3 bat skeletons (D)
  2 ball pythons (D)
72 creatures vanquished.

Notes
Turn   | Place    | Note
-------+----------+-------------------------------------------
     0 | D        | Adamkad1 the Gnoll Gladiator began the quest for the Orb.
     0 | D        | Reached XP level 1. HP: 20/20 MP: 1/1
     0 | D        | Found a shimmering blue altar of Sif Muna.
     0 | D        | Found a bloodstained altar of Trog.
     0 | D        | Found a sacrificial altar of Ru.
     0 | D        | Found a stormy altar of Qazlal.
     0 | D        | Found an iron altar of Okawaru.
    14 | D        | Became a worshipper of the Wu Jian Council
    19 | D        | Found a sparkling altar of Nemelex Xobeh.
    20 | D        | Found the +6 Majin-Bo {vamp, MP+6 Int+6}
    20 | D        | Found the +9 heavy crossbow "Sniper" {vorpal, Acc+∞ SInv}
    20 | D        | Found the +10 dark maul {vorpal}
    20 | D        | Found the +15 Maxwell's patent armour {-Cast -Tele rElec
                  | Will+ rCorr}
    20 | D        | Found the +18 shield of the Gong {rElec rN+ Will+ EV-5}
    20 | D        | Found the cursed +14 obsidian axe {vorpal, +Fly SInv
                  | *Curse}
    20 | D        | Found the +7 great mace "Firestarter" {inner flame, rF++}
    20 | D        | Found the +6 shillelagh "Devastator" {shatter}
    20 | D        | Found the +11 plutonium sword {*Contam Stlth-}
    20 | D        | Found the +8 lance "Wyrmbane" {slay drac, rPois rF+ rC+
                  | AC+3}
    20 | D        | Found the +9 sword of Zonguldrok {reap}
    20 | D        | Found the cursed +13 scythe of Curses {drain, *Curse}
    20 | D        | Found the +0 sword of Power
    20 | D        | Found the +7 mace of Variability {chain chaos}
    20 | D        | Found the +7 Singing Sword {vorpal, sonic wave}
    20 | D        | Found the +8 storm bow {elec, penet}
    21 | D        | Found a corrupted altar of Lugonu.
    21 | D        | Found an ancient bone altar of Kikubaaqudgha.
    21 | D        | Found a burning altar of Makhleb.
    21 | D        | Found a transporter.
    21 | D        | Found a viscous altar of Jiyva.
    21 | D        | Found a hazy altar of Hepliaklqana.
    38 | D        | Found an opulent altar of Gozag.
    42 | D        | Found a blossoming altar of Fedhas.
    48 | D        | Reached skill level 5 in Fighting
    48 | D        | Reached skill level 2 in Short Blades
    48 | D        | Reached skill level 5 in Throwing
    48 | D        | Reached skill level 1 in Conjurations
    48 | D        | Reached skill level 1 in Hexes
    48 | D        | Reached skill level 1 in Summonings
    48 | D        | Reached skill level 1 in Necromancy
    48 | D        | Reached skill level 1 in Translocations
    48 | D        | Reached skill level 1 in Transmutations
    48 | D        | Reached skill level 1 in Fire Magic
    48 | D        | Reached skill level 1 in Ice Magic
    48 | D        | Reached skill level 1 in Air Magic
    48 | D        | Reached skill level 1 in Earth Magic
    48 | D        | Reached skill level 1 in Poison Magic
    48 | D        | Reached XP level 2. HP: 27/27 MP: 1/5
   127 | D        | Entered arena 2.
   127 | D        | Noticed a necrophage
   127 | D        | Found a transporter.
   131 | D        | Killed a necrophage
   132 | D        | Reached skill level 3 in Short Blades
   132 | D        | Reached XP level 3. HP: 21/33 MP: 5/7
   132 | D        | Reached XP level 4. HP: 24/39 MP: 6/9
   243 | D        | Entered arena 3.
   243 | D        | Found a transporter.
   245 | D        | Reached * piety under Wu Jian
   247 | D        | Reached XP level 5. HP: 45/45 MP: 10/10
   354 | D        | Entered arena 4.
   354 | D        | Noticed a necrophage
   354 | D        | Found a transporter.
   355 | D        | Reached ** piety under Wu Jian
   359 | D        | Killed a necrophage
   360 | D        | Reached skill level 4 in Short Blades
   361 | D        | Reached XP level 6. HP: 52/52 MP: 10/12
   364 | D        | Got the cursed +0 pair of boots of Pessimism {rElec rPois}
   378 | D        | Learned a level 2 spell: Wereblood
   380 | D        | Learned a level 1 spell: Beastly Appendage
   384 | D        | Learned a level 3 spell: Spider Form
   385 | D        | Entered arena 5.
   385 | D        | Noticed a floating eye
   385 | D        | Noticed a slime creature
   385 | D        | Found a transporter.
   388 | D        | Paralysed by a floating eye for 3 turns
   391 | D        | Reached *** piety under Wu Jian
   391 | D        | Killed a floating eye
   392 | D        | Reached skill level 5 in Invocations
   392 | D        | Killed a slime creature
   393 | D        | Reached skill level 5 in Short Blades
   393 | D        | Reached skill level 5 in Axes
   393 | D        | Reached skill level 5 in Maces & Flails
   393 | D        | Reached skill level 5 in Polearms
   393 | D        | Reached skill level 5 in Staves
   393 | D        | Reached skill level 5 in Slings
   393 | D        | Reached skill level 5 in Bows
   393 | D        | Reached skill level 5 in Crossbows
   393 | D        | Reached skill level 5 in Armour
   393 | D        | Reached skill level 5 in Stealth
   393 | D        | Reached skill level 5 in Shields
   393 | D        | Reached skill level 5 in Unarmed Combat
   393 | D        | Reached skill level 5 in Spellcasting
   393 | D        | Reached skill level 5 in Evocations
   393 | D        | Reached XP level 7. HP: 59/59 MP: 8/15
   396 | D        | Got the ring "Hepten" {Wiz rPois rN+ Dex+2 Stlth+}
   447 | D        | Entered arena 6.
   447 | D        | Found a transporter.
   450 | D        | Reached **** piety under Wu Jian
   452 | D        | Reached skill level 6 in Short Blades
   452 | D        | Reached ***** piety under Wu Jian
   479 | D        | Entered arena 7.
   479 | D        | Noticed a red draconian
   479 | D        | Noticed a draconian
   479 | D        | Noticed a draconian
   479 | D        | Noticed a draconian
   479 | D        | Noticed a draconian
   479 | D        | Noticed a white draconian
   480 | D        | Found a transporter.
   483 | D        | Killed a draconian
   484 | D        | Reached skill level 7 in Short Blades
   484 | D        | Reached skill level 5 in Conjurations
   484 | D        | Reached skill level 5 in Hexes
   484 | D        | Reached skill level 5 in Summonings
   484 | D        | Reached skill level 5 in Necromancy
   484 | D        | Reached skill level 5 in Translocations
   484 | D        | Reached skill level 5 in Transmutations
   484 | D        | Reached skill level 5 in Fire Magic
   484 | D        | Reached skill level 5 in Ice Magic
   484 | D        | Reached skill level 5 in Air Magic
   484 | D        | Reached skill level 5 in Earth Magic
   484 | D        | Reached skill level 5 in Poison Magic
   484 | D        | Reached XP level 8. HP: 53/67 MP: 15/17
   484 | D        | Killed a draconian
   484 | D        | Killed a draconian
   485 | D        | Reached skill level 8 in Short Blades
   485 | D        | Reached XP level 9. HP: 44/74 MP: 15/19
   485 | D        | Killed a draconian
   486 | D        | Reached skill level 9 in Short Blades
   486 | D        | Reached skill level 10 in Long Blades
   486 | D        | Reached skill level 10 in Dodging
   487 | D        | Killed a red draconian
   487 | D        | Killed a white draconian
   488 | D        | Reached skill level 10 in Short Blades
   488 | D        | Reached XP level 10. HP: 11/84 MP: 15/22
   800 | D        | Got the ring "Nooduo" {Ice rElec Dex+3 Stlth-}
   807 | D        | Entered arena 8.
   808 | D        | Found the +7 Spriggan's Knife {stab, EV+4 Stlth+}
   808 | D        | Found a transporter.
   815 | D        | Reached skill level 10 in Fighting
   815 | D        | Reached skill level 11 in Short Blades
   815 | D        | Reached skill level 10 in Throwing
   847 | D        | Entered arena 9.
   847 | D        | Noticed a naga mage
   847 | D        | Noticed a black mamba
   848 | D        | Found a transporter.
   851 | D        | Killed a black mamba
   854 | D        | Killed a naga mage
   855 | D        | Reached skill level 10 in Invocations
   860 | D        | Got the ring "Ynaebot" {Wiz rPois Will+ Dex+4 Slay+2}
   864 | D        | Entered arena 10.
   865 | D        | Found a transporter.
   874 | D        | Reached ****** piety under Wu Jian
   875 | D        | Reached skill level 12 in Short Blades
   876 | D        | Reached XP level 11. HP: 61/91 MP: 24/24
  1024 | D        | Entered arena 11.
  1024 | D        | Noticed a cyclops
  1024 | D        | Noticed a cyclops
  1024 | D        | Noticed a centaur warrior
  1026 | D        | Found a transporter.
  1027 | D        | Killed a cyclops
  1027 | D        | Killed a centaur warrior
  1027 | D        | Killed a cyclops
  1028 | D        | Reached skill level 13 in Short Blades
  1028 | D        | Reached skill level 10 in Axes
  1028 | D        | Reached skill level 10 in Maces & Flails
  1028 | D        | Reached skill level 10 in Polearms
  1028 | D        | Reached skill level 10 in Staves
  1028 | D        | Reached skill level 10 in Slings
  1028 | D        | Reached skill level 10 in Bows
  1028 | D        | Reached skill level 10 in Crossbows
  1028 | D        | Reached skill level 10 in Armour
  1028 | D        | Reached skill level 10 in Stealth
  1028 | D        | Reached skill level 10 in Shields
  1028 | D        | Reached skill level 10 in Unarmed Combat
  1028 | D        | Reached skill level 10 in Spellcasting
  1028 | D        | Reached skill level 10 in Evocations
  1063 | D        | Entered arena 12.
  1063 | D        | Noticed a cyclops
  1063 | D        | Noticed a merfolk javelineer
  1065 | D        | Noticed a stone giant
  1065 | D        | Noticed a deep elf master archer
  1065 | D        | Noticed a centaur warrior
  1065 | D        | Noticed a merfolk javelineer
  1065 | D        | Noticed a deep elf master archer
  1066 | D        | Found a transporter.
  1070 | D        | Killed a merfolk javelineer
  1070 | D        | Killed a deep elf master archer
  1071 | D        | Killed a stone giant
  1071 | D        | Killed a centaur warrior
  1071 | D        | Killed a cyclops
  1071 | D        | Killed a deep elf master archer
  1072 | D        | Reached skill level 14 in Short Blades
  1072 | D        | Reached XP level 12. HP: 90/101 MP: 25/27
  1072 | D        | Killed a merfolk javelineer
  1076 | D        | Got the cursed +1 ring mail of Insatiable Hunger {rF+
                  | Will++ Regen+ Dex-5}
  1079 | D        | Entered arena 13.
  1079 | D        | Noticed Ewuqoera the pandemonium lord
  1079 | D        | Noticed a balrug
  1079 | D        | Noticed a sun demon
  1080 | D        | Noticed a Hell Sentinel
  1081 | D        | Found a transporter.
  1083 | D        | Killed a balrug
  1083 | D        | Reached skill level 15 in Short Blades
  1083 | D        | Reached skill level 10 in Conjurations
  1083 | D        | Reached skill level 10 in Hexes
  1083 | D        | Reached skill level 10 in Summonings
  1083 | D        | Reached skill level 10 in Necromancy
  1083 | D        | Reached skill level 10 in Translocations
  1083 | D        | Reached skill level 10 in Transmutations
  1083 | D        | Reached skill level 10 in Fire Magic
  1083 | D        | Reached skill level 10 in Ice Magic
  1083 | D        | Reached skill level 10 in Air Magic
  1083 | D        | Reached skill level 10 in Earth Magic
  1083 | D        | Reached skill level 10 in Poison Magic
  1087 | D        | Killed a sun demon
  1094 | D        | Slain by a Hell Sentinel

Illustrated notes

Levels and vault maps discovered:
D:        sprint_v [room_start, room_1, room_2, room_3, room_4, room_5, room_6,
          room_7, room_8, room_9, room_10, room_11, room_12, room_13, room_14,
          room_15, room_16, room_17, room_18, room_19, room_20, room_21,
          room_22, room_23, room_24, room_25, room_26, room_27]

Skill      XL: |  1  2  3  4  5  6  7  8  9 10 11 12 |
---------------+-------------------------------------+-----
Fighting       | 5 6 7 8 9 10 12 | 12.7
Short Blades   | 2 3 4 5 7 8 10 12 14 15 | 15.5
Long Blades    | 7 8 9 10 11 12 13 | 13.4
Axes           | 2 3 4 5 6 7 8 9 11 12 | 12.0
Maces & Flails | 2 3 4 5 6 7 8 9 11 12 | 12.0
Polearms       | 2 3 4 5 6 7 8 9 12 13 | 13.5
Staves         | 2 3 4 5 6 7 8 9 11 12 | 12.0
Slings         | 2 3 4 5 6 7 8 9 11 12 | 12.0
Bows           | 2 3 4 5 6 7 8 9 11 12 | 12.0
Crossbows      | 2 3 4 5 6 7 8 9 11 12 | 12.0
Throwing       | 5 6 7 8 9 10 12 | 12.7
Armour         | 2 3 4 5 6 7 8 9 11 12 | 12.0
Dodging        | 7 8 9 10 11 12 13 | 13.4
Stealth        | 2 3 4 5 6 7 8 9 11 12 | 12.0
Shields        | 2 3 4 5 6 7 8 9 11 12 | 12.0
Unarmed Combat | 2 3 4 5 6 7 8 9 11 12 | 12.0
Spellcasting   | 2 3 4 5 6 7 8 9 11 12 | 12.0
Conjurations   | 1 2 3 4 5 6 7 8 9 10 | 10.3
Hexes          | 1 2 3 4 5 6 7 8 9 10 | 10.3
Summonings     | 1 2 3 4 5 6 7 8 9 10 | 10.3
Necromancy     | 1 2 3 4 5 6 7 8 9 10 | 10.3
Translocations | 1 2 3 4 5 6 7 8 9 10 | 10.3
Transmutations | 1 2 3 4 5 6 7 8 9 10 | 10.3
Fire Magic     | 1 2 3 4 5 6 7 8 9 10 | 10.3
Ice Magic      | 1 2 3 4 5 6 7 8 9 10 | 10.3
Air Magic      | 1 2 3 4 5 6 7 8 9 10 | 10.3
Earth Magic    | 1 2 3 4 5 6 7 8 9 10 | 10.3
Poison Magic   | 1 2 3 4 5 6 7 8 9 10 | 10.3
Invocations    | 2 3 4 5 7 9 10 12 13 | 13.0
Evocations     | 2 3 4 5 6 7 8 9 11 12 | 12.0

Action                   |  1- 3 |  4- 6 |  7- 9 | 10-12 || total
-------------------------+-------+-------+-------+-------++-------
Melee: Double sword      |     3 |    11 |    16 |    58 ||    88
       Bite              |     3 |     1 |     4 |     8 ||    16
       Kick              |       |     1 |     6 |       ||     7
       Headbutt          |       |       |     1 |       ||     1
       Punch             |       |       |     1 |       ||     1
 Cast: Wereblood         |       |     2 |     1 |       ||     3
       Beastly Appendage |       |     1 |     2 |       ||     3
Invok: Lunge             |       |     4 |     5 |    12 ||    21
       Whirlwind         |       |     3 |    10 |    42 ||    55
       Serpent's Lash    |       |       |     1 |     4 ||     5
       Heavenly Storm    |       |       |     1 |     3 ||     4
  Use: Potion            |     1 |       |       |     2 ||     3
Armor: Leather armour    |     1 |     1 |     1 |     1 ||     4
       Ring mail         |       |       |       |     3 ||     3
Dodge: Dodged            |     9 |     6 |     7 |    14 ||    36
Block: Kite shield       |       |       |       |    65 ||    65
       Reflection        |       |       |       |     7 ||     7
       Rpst.: Double sword |     1 |     1 |     3 |       ||     5

Table legend: (Time is in decaauts)
 A = Elapsed time spent in this place.
 B = Non-inter-level travel time spent in this place.
 C = Inter-level travel time spent in this place.
 D = Time resting spent in this place.
 E = Time spent auto-exploring this place.
 F = Levels seen in this place.
 G = Mean time per level.
                   A        B        C        D        E       F      G
               +--------+--------+--------+--------+--------+-----+--------+
         Total |   1091 |   1091 |      0 |    708 |      0 |   1 | 1091.0 |
       Dungeon |   1091 |   1091 |      0 |    708 |      0 |   1 | 1091.0 |
               +--------+--------+--------+--------+--------+-----+--------+

Top non-repeatable levels by time:
       D: 1091 daAuts
